 Dungeon Crawl Stone Soup version 0.26-a0-996-g6b303dbc09 (webtiles) character file.

Game seed: 11558960607314096949

54 Gildeon the Skirmisher (level 3, -1/26 HPs)
             Began as an Octopode Fighter on Dec 6, 2020.
             Slain by an orc warrior
             ... wielding a +0 glaive
              (26 damage)
             ... on level 3 of the Dungeon.
             The game lasted 00:04:54 (1540 turns).

Gildeon the Skirmisher (Octopode Fighter)           Turns: 1540, Time: 00:04:55

Health: -1/26      AC:  1    Str: 15    XL:     3   Next: 91%
Magic:  3/3        EV: 12    Int: 10    God:
Gold:   128        SH:  9    Dex: 12    Spells: 2/2 levels left

rFire    . . .     SeeInvis .   a - +0 trident
rCold    . . .     Faith    .   b - +1 kite shield
rNeg     . . .     Spirit   .   (helmet restricted)
rPois    .         Reflect  .   (no amulet)
rElec    .         Harm     .   (no ring)
rCorr    .         Rampage  .   (no ring)
MR       .....                  (no ring)
Stlth    ++++......             (no ring)
HPRegen  0.08/turn              (no ring)
MPRegen  0.08/turn              (no ring)
                                (no ring)
                                (no ring)

@: no status effects
A: almost no armour, stealthy swim, amphibious, 8 rings, constrict 8, camouflage
1, gelatinous body 1
a: no special abilities


You were on level 3 of the Dungeon.
You visited 1 branch of the dungeon, and saw 3 of its levels.

You collected 128 gold pieces.

Inventory:

Hand Weapons
 a - a +0 trident (weapon)
Missiles
 f - 4 poisoned darts (quivered)
Armour
 b - a +1 kite shield (worn)
Scrolls
 d - 2 scrolls of amnesia {unknown}
 e - a scroll of teleportation
 h - a scroll of magic mapping {unknown}
 i - a scroll of enchant weapon {unknown}
Potions
 c - a potion of might
 g - a potion of haste {unknown}


   Skills:
 + Level 3.4 Fighting
 + Level 2.5 Polearms
 + Level 3.3 Dodging
 + Level 2.0 Stealth
 + Level 3.3 Shields


You had 2 spell levels left.
You didn't know any spells.
Your spell library contained the following spells:

 Spells                   Type           Power        Failure   Level
 Confusing Touch          Hex            #.......     99%         3
 Gell's Gravitas          Tloc           #.........   99%         3
 Petrify                  Tmut/Erth      #.......     100%        4
 Metabolic Englaciation   Hex/Ice        #.........   100%        5
 Yara's Violent Unravell  Hex/Tmut       #.........   100%        5


Dungeon Overview and Level Annotations

Branches:
Dungeon (3/15)

Altars:
Yredelemnul
Zin


Innate Abilities, Weirdness & Mutations

You cannot wear most types of armour.
You are very stealthy in the water. (Stealth+)
You are amphibious.
You can wear up to eight rings at the same time.
You can use your tentacles to constrict eight enemies at once.
Your skin changes colour to match your surroundings (Stealth+).
Your rubbery body absorbs attacks. (AC +1, EV +1)


Message History

Throw: 7 darts (poison)
Press: ? - help, Q - select action Shift-Dir - straight line, f/p - orc warrior
Aim: an orc warrior, wielding a +0 glaive and wearing a +0 plate armour (poisoned)
You throw a poisoned dart. The poisoned dart hits the orc warrior.
Throw: 6 darts (poison)
Press: ? - help, Q - select action Shift-Dir - straight line, f/p - orc warrior
Aim: an orc warrior, wielding a +0 glaive and wearing a +0 plate armour (lightly wounded, poisoned)
You throw a poisoned dart. The poisoned dart hits the orc warrior.
The orc warrior is lightly wounded.
You hear a splash.
The orc warrior splashes around in the water.
Throw: 5 darts (poison)
Press: ? - help, Q - select action Shift-Dir - straight line, f/p - orc warrior
Aim: an orc warrior, wielding a +0 glaive and wearing a +0 plate armour (lightly wounded, poisoned)
You throw a poisoned dart.
The poisoned dart closely misses the orc warrior.
The poisoned dart closely misses the orc priest.
The orc warrior hits you from afar with a +0 glaive!!
Ouch! That really hurt!
You die...

#########..# #..#..#.#
...........#
##..#....#
..........###
#.....####
............#
####..(.#
#+#...(.#..##≈P♣##(###
#.....#..'≈♣ #♣o≈##
#.....#..#≈♣#♣o♣♣≈#
##'#....##♣≈♣≈♣#♣≈#
#.##...# #♣@≈≈♣#♣#
#.###### #♣≈♣≈♣
#....#.# ≈♣#♣≈#
####.#.# ≈♣ ≈+
#.#.##+## # #.#.....#
### . #?...#..# #.##..
#.#####.# #... ###
#.###.###


You could see an orc warrior (poisoned) and an orc priest.

Vanquished Creatures
  An adder (D:3)
  A worm (D:2)
  A dart slug (D:1)
  3 leopard geckos
  3 giant cockroaches
  4 goblins (D:1)
  2 hobgoblins (D:1)
  2 jackals (D:3)
  3 kobolds (D:1)
  3 ball pythons
  7 bats
  3 frilled lizards
  2 rats
35 creatures vanquished.

Notes
Turn   | Place    | Note
-------+----------+-------------------------------------------
     0 | D:1      | Gildeon the Octopode Fighter began the quest for the Orb.
     0 | D:1      | Reached XP level 1. HP: 16/16 MP: 1/1
   127 | D:1      | Reached XP level 2. HP: 21/21 MP: 2/2
   137 | D:1      | Reached skill level 1 in Stealth
   526 | D:1      | Reached XP level 3. HP: 24/26 MP: 3/3
   666 | D:2      | Found a basalt altar of Yredelemnul.
  1370 | D:3      | Noticed an orc warrior
  1440 | D:3      | Found a glowing silver altar of Zin.
  1540 | D:3      | Slain by an orc warrior

Illustrated notes

Levels and vault maps discovered:
D:1:      dpeg_arrival_three_bigger_balls, layout_loops_ring
D:2:      layout_rooms, lemuel_crystal_altar, bh_walls_and_bars
D:3:      layout_basic, bloody_trog, zin_statuary, saegor_snake_ambush

Skill      XL: |  1  2  3 |
---------------+----------+-----
Stealth        | 1 2 |  2.0
Fighting       | |  3.4
Polearms       | |  2.5
Dodging        | |  3.3
Shields        | |  3.3

Action                   || total
-------------------------++-------
Melee: Trident           ||    69
       Constrict         ||    19
       Tentacles         ||    12
Throw: Dart              ||    18
  Use: Scroll            ||     9
 Stab: Sleeping          ||    11
Armor: Skin              ||    13
Dodge: Dodged            ||    26
Block: Kite shield       ||    36

Table legend: (Time is in decaauts)
 A = Elapsed time spent in this place.
 B = Non-inter-level travel time spent in this place.
 C = Inter-level travel time spent in this place.
 D = Time resting spent in this place.
 E = Time spent auto-exploring this place.
 F = Levels seen in this place.
 G = Mean time per level.
                   A        B        C        D        E       F      G
               +--------+--------+--------+--------+--------+-----+--------+
         Total |   1561 |   1518 |     43 |    251 |    889 |   3 |  520.3 |
       Dungeon |   1561 |   1518 |     43 |    251 |    889 |   3 |  520.3 |
               +--------+--------+--------+--------+--------+-----+--------+

Top non-repeatable levels by time:
     D:2: 749 daAuts
     D:1: 641 daAuts
     D:3: 169 daAuts
